 Dungeon Crawl Stone Soup version 0.17-a0-1545-gc1bb672 (webtiles) character file.

1393 Lathuz the Basher (level 8, -4/46 HPs)
             Began as a Gargoyle Fighter on July 18, 2015.
             Slain by an orc warrior
             ... wielding a +0 war axe
              (13 damage)
             ... on level 6 of the Dungeon.
             The game lasted 00:12:05 (6833 turns).

Lathuz the Basher (Gargoyle Fighter)                Turns: 6833, Time: 00:12:05

Health: -4/46      AC: 16    Str: 21    XL:     8   Next: 68%
Magic:  8/8        EV:  5    Int:  8    God:
Gold:   263        SH:  9    Dex: 11    Spells: 0 memorised, 7 levels left

rFire  . . .     SeeInvis .     a - +1 flail
rCold  . . .     Clarity  .     w - +2 chain mail {MR+}
rNeg   + . .     SustAt   .     c - +0 shield
rPois  ∞         Gourm    .     (no helmet)
rElec  +         Spirit   .     (no cloak)
rCorr  .         Warding  .     (no gloves)
rMut   .         Stasis   .     (no boots)
MR     +....                    (no amulet)
Stlth  ..........               (no ring)
                                f - ring of flight

@: about to teleport, somewhat resistant to hostile enchantments, extremely
unstealthy
A: negative energy resistance 1, electricity resistance, unbreathing,
petrification resistance, rot immunity, AC +5
a: Evoke Flight


You were on level 6 of the Dungeon.
You were not hungry.

You visited 1 branch of the dungeon, and saw 6 of its levels.

You collected 263 gold pieces.

Inventory:

Hand weapons
 a - a +1 flail (weapon)
Missiles
 q - 240 stones (quivered)
Armour
 c - a +0 shield (worn)
 w - a +2 chain mail of magic resistance (worn)
Jewellery
 f - a ring of flight (left hand)
Scrolls
 b - a scroll of immolation {unknown}
 h - 5 scrolls of identify
 j - 3 scrolls of teleportation
 p - 2 scrolls of remove curse
 r - 2 scrolls of enchant weapon
 u - a scroll of enchant armour {unknown}
Potions
 d - 2 potions of might
 g - a potion of resistance {unknown}
 i - a potion of haste {unknown}
 m - 4 potions of heal wounds {unknown}
 o - 2 potions of curing {unknown}
 s - a potion of cancellation {unknown}
 t - a potion of poison {unknown}
 v - 2 potions of brilliance {unknown}
 z - a potion of berserk rage {unknown}
 A - a potion of invisibility {unknown}
Books
 x - a book of Clouds

   Spells                             Type                      Level
   a - Mephitic Cloud                 Conjuration/Poison/Air       3
   b - Conjure Flame                  Conjuration/Fire             3
   c - Poisonous Cloud                Conjuration/Poison/Air       6
   d - Freezing Cloud                 Conjuration/Ice/Air          6
   e - Ring of Flames                 Charms/Fire                  7
Comestibles
 e - 5 bread rations
 k - 2 beef jerkies
 l - a meat ration
 n - 3 fruits
 B - a chunk of flesh


   Skills:
 - Level 3.2 Fighting
 + Level 10.5 Maces & Flails
 - Level 3.2 Armour
 - Level 3.2 Shields


You had 7 spell levels left.
You didn't know any spells.

Dungeon Overview and Level Annotations

Branches:
Dungeon (6/15)
 Temple: D:4-7

Altars:
Ashenzari
Dithmenos
Fedhas
Vehumet
Xom


Innate Abilities, Weirdness & Mutations

You are resistant to torment.
Your stone body is resilient (AC +5).
You are immune to poison.
You resist negative energy.
You are resistant to electric shocks.
You can survive without breathing.
You are immune to petrification.
You are immune to rotting.


Message History

The orc hits you but does no damage. You block the orc's attack.
You sock the orc warrior!
The orc warrior is heavily wounded.
You block the orc's attack.
The orc warrior hits you with a war axe!
You closely miss the orc warrior.
The orc warrior is heavily wounded.
The orc hits you but does no damage. You block the orc's attack.
The orc warrior hits you with a war axe!
* * * LOW HITPOINT WARNING * * *
You are too injured to fight recklessly!
You are too injured to fight recklessly!
You are too injured to fight recklessly!
You are too injured to fight recklessly!
Read which item? (? for menu, Esc to quit)
As you read the scroll of teleportation, it crumbles to dust.
You feel strangely unstable. You block the orc's attack.
You block the orc's attack.
The orc warrior hits you with a war axe!
You die...

####...####...# #..##
##...# #...## #...#
##..# ##...# ##..## #..#
##### ##..# ##..# ##..
##...# ##.
##########...#### #.
##..............o## #.
#............##@.o# ##.
#......##########ooo....
##.. #..##### #o.##..
##... #..# ### ##)..#
##..# ###### ##...##
#...# #....###...##
#...# #.........## #...#
##.......## #...##
#........#


You could see an orc warrior and 5 orcs.

Vanquished Creatures
  The ghost of Alipheese the Poker, an average NaSk (D:4)
  The ghost of Alipheese the Skirmisher, an average NaSk (D:3)
  A phantom (D:6)
  2 sky beasts (D:6)
  A black bear (D:6)
  3 ogres
  A giant frog (D:5)
  2 scorpions
  2 jellies
  2 worker ants
  Natasha (twice) (D:3)
  A killer bee zombie (D:6)
  7 adders
  A river rat (D:3)
  A shadow imp (D:5)
  2 oozes
  An adder skeleton (D:4)
  2 worms
  11 giant geckos
  5 orcs
  8 bats
  A bat skeleton (D:4)
  11 goblins
  11 hobgoblins
  13 jackals
  A ball python (D:2)
  13 giant cockroaches
  2 giant gecko skeletons
  5 giant newts
  8 kobolds
  A quokka skeleton (D:6)
  12 rats
135 creatures vanquished.

Notes
Turn   | Place    | Note
--------------------------------------------------------------
     0 | D:1      | Lathuz the Gargoyle Fighter began the quest for the Orb.
     0 | D:1      | Reached XP level 1. HP: 14/14 MP: 1/1
   111 | D:1      | Reached XP level 2. HP: 16/19 MP: 2/2
   479 | D:1      | Reached XP level 3. HP: 21/23 MP: 3/3
  1109 | D:2      | Found a shattered altar of Ashenzari.
  1178 | D:2      | Reached skill level 4 in Maces & Flails
  1580 | D:2      | Found a shadowy altar of Dithmenos.
  1694 | D:2      | Reached XP level 4. HP: 28/28 MP: 4/4
  2064 | D:2      | Found a shimmering altar of Xom.
  2228 | D:3      | Noticed Natasha
  2239 | D:3      | Killed Natasha
  2402 | D:3      | Noticed Alipheese's ghost (average NaSk)
  2444 | D:3      | Killed Alipheese's ghost
  2444 | D:3      | Reached skill level 5 in Maces & Flails
  2444 | D:3      | Reached XP level 5. HP: 17/32 MP: 5/5
  2649 | D:3      | Reached skill level 6 in Maces & Flails
  2767 | D:3      | Reached XP level 6. HP: 37/37 MP: 6/6
  3063 | D:3      | Noticed Natasha
  3067 | D:3      | Killed Natasha
  3977 | D:4      | Reached skill level 7 in Maces & Flails
  4071 | D:4      | Found a blossoming altar of Fedhas.
  4173 | D:4      | Noticed Alipheese's ghost (average NaSk)
  4205 | D:4      | Killed Alipheese's ghost
  4205 | D:4      | Reached XP level 7. HP: 36/41 MP: 7/7
  4339 | D:4      | Reached skill level 8 in Maces & Flails
  4521 | D:5      | Entered Level 5 of the Dungeon
  5593 | D:5      | Reached skill level 9 in Maces & Flails
  5593 | D:5      | Reached XP level 8. HP: 37/46 MP: 8/8
  6115 | D:6      | Found a radiant altar of Vehumet.
  6350 | D:6      | Reached skill level 10 in Maces & Flails
  6833 | D:6      | Slain by an orc warrior

Vault maps used:
D:1:      dpeg_arrival_round_a, kennysheep_crisscross, minivault_5,
          lemuel_old_faithful
D:2:      nicolae_dithmenos_through_a_glass_darkly,
          nicolae_overflow_crystal_walls, lemuel_coloured_pillars_altar,
          first_bread
D:3:      gup_sewer_entry_spiral, uniq_natasha
D:4:      lemuel_crystal_altar
D:5:      minivault_23
D:6:      old_standard_altar, lightli_orcish_oven

Action                   |  1- 3 |  4- 6 |  7- 9 || total
-------------------------+-------+-------+-------++-------
Melee: Flail             |   115 |   296 |   184 ||   595
Throw: Stone             |     2 |    14 |       ||    16
  Use: Scroll            |       |       |    10 ||    10
  Eat: Chunk             |     2 |     8 |     1 ||    11
       Fruit             |       |     1 |       ||     1
       Bread ration      |       |       |     2 ||     2
